 Dungeon Crawl Stone Soup version 0.23.2 (webtiles) character file.

Game seed: 9236914887393307525

4 redwoodhats the Caller (level 1, -1/14 HPs)
             Began as a Minotaur Summoner on Apr 7, 2019.
             Slain by an adder (4 damage)
             ... on level 2 of the Dungeon.
             The game lasted 00:05:07 (1275 turns).

redwoodhats the Caller (Minotaur Summoner)          Turns: 1275, Time: 00:05:08

Health: -1/14      AC:  2    Str: 12    XL:     1   Next: 58%
Magic:  1/1        EV: 12    Int: 12    God:
Gold:   76         SH:  0    Dex: 10    Spells: 1/2 levels left

rFire    . . .     SeeInvis .   (no weapon)
rCold    . . .     Gourm    .   (no shield)
rNeg     . . .     Faith    .   a - +0 robe
rPois    .         Spirit   .   (helmet restricted)
rElec    .         Reflect  .   (no cloak)
rCorr    .         Harm     .   (no gloves)
MR       .....                  (no boots)
Stlth    ++........             (no amulet)
HPRegen  0.04/turn              (no ring)
MPRegen  0.07/turn              (no ring)

@: lethally poisoned (-1 -> -6)
A: retaliatory headbutt, horns 2
a: no special abilities


You were on level 2 of the Dungeon.
You were not hungry.

You visited 1 branch of the dungeon, and saw 2 of its levels.

You collected 76 gold pieces.

Inventory:

Missiles
 b - a throwing net (quivered)
Armour
 a - a +0 robe (worn)
Scrolls
 i - a scroll of immolation
Potions
 c - a potion of heal wounds {unknown}
 g - a potion of lignification


   Skills:
 + Level 0.2 Fighting
 + Level 2.1 Dodging
 + Level 1.5 Stealth
 + Level 1.3 Spellcasting
 + Level 3.1 Summonings


You had one spell level left.
You knew the following spells:

 Your Spells              Type           Power        Failure   Level  Hunger
a - Summon Small Mammal   Summ           #...         8%          1    ##.....

Your spell library contained the following spells:

 Spells                   Type           Power        Failure   Level  Hunger
 Call Imp                 Summ           #.......     12%         2    ###....
 Call Canine Familiar     Summ           #.......     24%         3    ####...
 Summon Guardian Golem    Hex/Summ       #.......     41%         3    ####...
 Summon Ice Beast         Ice/Summ       #.......     83%         4    #####..
 Summon Lightning Spire   Summ/Air       #.......     83%         4    #####..


Dungeon Overview and Level Annotations

Branches:
Dungeon (2/15)

Altars:


Innate Abilities, Weirdness & Mutations

You reflexively headbutt those who attack you in melee.
You have a pair of horns on your head.


Message History

You see here a stone.
The bat barely misses you. The bat hits you but does no damage.
The bat hits you but does no damage. The bat hits you but does no damage.
The bat hits you. The bat hits you but does no damage.
The bat closely misses you. The adder bites you.
You are lethally poisoned!
The adder poisons you!
You feel sick. The bat closely misses you.
You feel sick. The bat barely misses you. The bat barely misses you.
The adder barely misses you. x2
* * * LOW HITPOINT WARNING * * *
You feel sick. The bat closely misses you. You furiously retaliate!
You headbutt the bat. The bat barely misses you. The adder barely misses you.
* * * LOW HITPOINT WARNING * * *
You feel sick. The bat hits you but does no damage. The adder bites you.
You die...

................ .
.##...........# .#
..............#####.##..
...
.#......................
...
.#......................
#.#
.#......###..##..#######
#.# (#......# #..##..#
###.# .#.(....###..##..#
...# .(((.........##b@#
####.######
..##+#.......K.S.#
#.........< ..#
#......###..# ##.##.######
... #...........#
#.##.##.# ..#
#.#.###.....###.##.##.####
..#
#.......................(.
...
###.#########.####.#######
..# #.# #.# #.# #.# #.#


You could see an adder, a bat and a kobold.

Vanquished Creatures
  3 kobolds (D:1)
3 creatures vanquished.

Vanquished Creatures (collateral kills)
  A goblin (D:1)
  A frilled lizard (D:1)
2 creatures vanquished.

Grand Total: 5 creatures vanquished

Notes
Turn   | Place    | Note
-------+----------+-------------------------------------------
     0 | D:1      | redwoodhats the Minotaur Summoner began the quest for the
                  | Orb.
     0 | D:1      | Reached XP level 1. HP: 14/14 MP: 1/1
   135 | D:1      | Reached skill level 3 in Summonings
  1275 | D:2      | Slain by an adder

Skill      XL: |  1 |
---------------+----+-----
Summonings     | 3 |  3.1
Fighting       | |  0.2
Dodging        | |  2.1
Stealth        | |  1.5
Spellcasting   | |  1.3

Action                   || total
-------------------------++-------
Melee: Unarmed           ||    16
       Headbutt          ||     1
 Cast: Summon Small Mamm ||     8
  Use: Scroll            ||     5
       Potion            ||     4
  Eat: Ration            ||     1
Armor: Robe              ||     6
Dodge: Dodged            ||    20
